Unix NetHack Version 5.0.0-0 post-release - last build May 10 2026 23:12:36 (d1fa5d53e341ca933230fdaa984d921c805b60aa,branch:main).

Game began 2026-05-11 22:35:07, ended 2026-05-11 22:40:12.

Eesui, chaotic male human Rogue

    -----------          --------------
    |.........|         0.............|
    |.........|         0|.............###
    |.........|          |<.........%.|
    |.........|          |............|
    -|---------          ---.----------
     #                      ###
     f@i###                   ##
          ##                   #
           ###                 #
       ------.----         ----.--
       |.........|  #      |.....|
       |.......{.| ########......|
       |.........-##       |.....|            |
       |.........|#        |......      .>....|
       |..........         |.....|            |
       |.........|         |......      ..!...+
       -----------         -------       ------

Eesui the Cutpurse      St:11 Dx:18 Co:16 In:8 Wi:11 Ch:11  Chaotic
Dlvl:5  $:79 HP:0(22) Pw:7(7) AC:6  Xp:3/44 T:1403  Hungry  

Latest messages:
 You miss the newt.
 You hit the newt.
 You miss the newt.
 You miss the newt.
 The newt bites!
 You miss the newt.
 You miss the newt.
 The newt misses!
 You miss the newt.
 You kill the newt!
 g - 3 +0 daggers (at the ready) (9 in total).
 z - a purple-red potion.
 g - a +0 dagger (at the ready) (10 in total).
 You are beginning to feel hungry.
 You miss the homunculus.
 You miss the homunculus.
 The homunculus bites!
 In what direction?
 The dagger hits the homunculus.
 The homunculus bites!
 You avoid harm.
 In what direction?
 You throw 2 daggers.
 The 1st dagger misses the homunculus.
 The 2nd dagger hits the homunculus.
 The homunculus bites!
 In what direction?
 The dagger hits the homunculus.
 The homunculus bites!
 You are put to sleep by the homunculus!
 The homunculus bites!
 The homunculus bites!
 The homunculus bites!
 The homunculus bites!
 You wake up.
 In what direction?
 You throw 2 daggers.
 The 1st dagger hits the homunculus.
 The 2nd dagger misses the homunculus.
 The homunculus bites!
 In what direction?
 You throw 2 daggers.
 The 1st dagger misses the homunculus.
 The 2nd dagger hits the homunculus.
 The homunculus bites!
 You die...
 Do you want your possessions identified? [ynq] (y)
 Do you want to see your attributes? [ynq] (y)
 Do you want an account of creatures vanquished? [ynaq] (y)
 Do you want to see your conduct and achievements? [ynq] (y)

Inventory:
 Coins    ('$')
  $ - 79 gold pieces
 Weapons  (')')
  b - a +0 dagger (wielded in left hand)
  g - 2 +0 daggers (at the ready)
  a - a +0 short sword (wielded in right hand)
 Armor    ('[')
  i - an uncursed +0 orcish helm (being worn)
  c - an uncursed +1 leather armor (being worn)
 Comestibles  ('%')
  j - 2 uncursed food rations
  y - an uncursed tin of spinach
 Scrolls  ('?')
  p - an uncursed scroll of enchant weapon
  l - a cursed scroll of identify
  u - a blessed scroll of teleportation
  v - an uncursed scroll of teleportation
 Spellbooks  ('+')
  q - an uncursed spellbook of healing
  x - an uncursed spellbook of light
 Potions  ('!')
  h - an uncursed potion of booze
  t - an uncursed potion of gain ability
  s - a blessed potion of gain energy
  r - 3 uncursed potions of healing
  z - an uncursed potion of levitation
  d - an uncursed potion of sickness
 Wands    ('/')
  w - a wand of digging (0:5)
 Tools    ('(')
  f - an empty uncursed sack
  e - an uncursed lock pick
 Gems/Stones  ('*')
  m - an uncursed jade stone
  n - an uncursed worthless piece of orange glass
  k - 2 uncursed worthless pieces of yellowish brown glass

Eesui the Rogue's attributes:

Background:
 You were a Cutpurse, a level 3 male human Rogue.
 You were chaotic, on a mission for Kos
 who was opposed by Issek (lawful) and Mog (neutral).
 You were right-handed.
 You were in the Dungeons of Doom, on level 5.
 You entered the dungeon 1403 turns ago.
 It was nighttime.
 You had 44 experience points, 36 more were needed to attain level 4.

Basics:
 You had 0 out of 22 hit points.
 You had all 7 energy points (spell power).
 Your armor class was 6.
 Your wallet contained 79 zorkmids.
 Autopickup was on for '$?!/=+"' plus thrown.

Final Characteristics:
 Your strength was 11 (limit:18/100).
 Your dexterity was 18 (limit:18).
 Your constitution was 16 (limit:18).
 Your intelligence was 8 (limit:18).
 Your wisdom was 11 (limit:18).
 Your charisma was 11 (limit:18).

Final Status:
 You were hungry.
 You were unencumbered.
 You were wielding two weapons at once.
 You had basic skill with short sword and two weapons.
 You also had basic skill with dagger and two weapons.

Final Attributes:
 You were devoutly aligned.
 You were stealthy.
 You were warded.
 You are dead.

Miscellaneous:
 You disabled loading and storing of bones levels.
 Total elapsed playing time was 4 minutes and 35 seconds.

Major events:
 Turn
    1: Eesui the chaotic male human Rogue entered the dungeon
 1100: entered the Gnomish Mines
 1258: attained the rank of Cutpurse (level 3)
 1403: killed by a homunculus

You didn't know any spells.

Skills:
 Fighting Skills
   bare handed combat [Unskilled]
   two weapon combat  [Basic]
   riding             [Unskilled]
 Weapon Skills
   dagger             [Basic]
   knife              [Unskilled]
   short sword        [Basic]
   broadsword         [Unskilled]
   long sword         [Unskilled]
   two-handed sword   [Unskilled]
   saber              [Unskilled]
   club               [Unskilled]
   mace               [Unskilled]
   morning star       [Unskilled]
   flail              [Unskilled]
   hammer             [Unskilled]
   polearms           [Unskilled]
   spear              [Unskilled]
   crossbow           [Unskilled]
   dart               [Unskilled]
   shuriken           [Unskilled]
 Spellcasting Skills
   divination spells  [Unskilled]
   escape spells      [Unskilled]
   matter spells      [Unskilled]

Voluntary challenges:
 Character rerolling was not enabled.
 You never genocided any monsters.
 You never polymorphed an object.
 You never changed form.
 You used no wishes.
Achievements:
 You entered the Gnomish Mines.
 You attained the rank of Cutpurse.

 The Dungeons of Doom: levels 1 to 5
    Level 1:
    Level 2:
       A fountain.
    Level 3:
       A fountain, some graves.
    Level 4:
       An altar, a fountain.
       Stairs down to The Gnomish Mines.
    Level 5: <- You were here.
       A fountain.
       Final resting place for
          you, killed by a homunculus.
 The Gnomish Mines:
    Level 5:


Vanquished creatures:
  a homunculus
  3 acid blobs
  3 manes
  2 giant rats
  a cave spider
  a green mold
  2 jackals
  2 foxes
  2 goblins
  a sewer rat
  8 grid bugs
  4 lichens
  a kobold zombie
  6 newts
37 creatures vanquished.

No species were genocided or became extinct.

Game over:
                       ----------
                      /          \
                     /    REST    \
                    /      IN      \
                   /     PEACE      \
                  /                  \
                  |      Eesui       |
                  |      79 Au       |
                  |   killed by a    |
                  |    homunculus    |
                  |                  |
                  |                  |
                  |       2026       |
                 *|     *  *  *      | *
        _________)/\\_//(\/(/\)/\//\/|_)_______

Goodbye Eesui the Rogue...

You died in The Dungeons of Doom on dungeon level 5 with 458 points,
and 79 pieces of gold, after 1403 moves.
You were level 3 with a maximum of 22 hit points when you died.

